 Dungeon Crawl Stone Soup version 0.29-a0-553-g81b289dbe5 (webtiles) character file.

Game seed: 6777013264694786563

665 croobank the Covert (level 7, -3/60 HPs)
             Began as a Gnoll Delver on June 7, 2022.
             Slain by an ogre
             ... wielding a +0 giant spiked club
              (34 damage)
             ... on level 5 of the Dungeon.
             The game lasted 00:17:22 (4344 turns).

croobank the Covert (Gnoll Delver)                  Turns: 4344, Time: 00:17:23

Health: -3/60      AC:  6    Str: 16    XL:     7   Next: 57%
Magic:  6/10       EV: 13    Int: 13    God:
Gold:   122        SH:  0    Dex: 13    Spells: 9/11 levels left

rFire   + + +      SeeInvis .   C - +7 short sword "Veol" {vorpal, rF++ Str+6 Int+2}
rCold   . . .      Faith    .   (no shield)
rNeg    . . .      Spirit   .   d - +1 ring mail
rPois   .          Reflect  .   (no helmet)
rElec   .          Harm     .   (no cloak)
rCorr   .          Rampage  .   (no gloves)
Will    .....                   (no boots)
Stlth   ++++......              (no amulet)
HPRegen 0.20/turn               (no ring)
MPRegen 0.12/turn               (no ring)

@: no status effects
A: fangs 1, strong nose, distributed training, fire resistance 1, weak 1, sturdy
frame 1
a: no special abilities


You were on level 5 of the Dungeon.
You visited 1 branch of the dungeon, and saw 5 of its levels.

You collected 122 gold pieces.

Inventory:

Hand Weapons
 a - a +1 spear of venom
 f - a +0 falchion of flaming
 m - a +0 dagger
 r - a +0 hand axe
 w - a +0 war axe of electrocution
 C - the +7 short sword "Veol" (weapon) {vorpal, rF++ Str+6 Int+2}
   (You found it on level 4 of the Dungeon)

   It inflicts extra damage upon your enemies.
   Str:       It affects your strength (+6).
   Int:       It affects your intelligence (+2).
   rF:        It greatly protects you from fire.
 D - a +0 morningstar
Missiles
 j - 155 stones
 n - 5 poisoned darts
Armour
 b - a +0 leather armour
 d - a +1 ring mail (worn)
 l - a +0 plate armour
 o - the +3 scale mail of Disaster {-Tele rC+ Str+5}
   (You found it on level 2 of the Dungeon)

   Str:       It affects your strength (+5).
   rC:        It protects you from cold.
   -Tele:     It prevents most forms of teleportation.
 E - the +1 robe "Awkonalo" {rCorr}
   (You found it on level 5 of the Dungeon)

   rCorr:     It protects you from acid and corrosion.
Jewellery
 B - a ring of fire
Wands
 g - a wand of digging (3)
 h - a wand of flame (1) (quivered)
 y - a wand of polymorph (7)
Scrolls
 c - 4 scrolls of fog
 e - a scroll of fear
 s - a scroll of enchant armour
 t - a scroll of teleportation
Potions
 i - 3 potions of berserk rage
 k - 4 potions of mutation
 p - a potion of resistance {unknown}
 q - 2 potions of attraction {unknown}
 u - 3 potions of curing {unknown}
 v - 2 potions of heal wounds {unknown}
 x - 2 potions of flight {unknown}
 z - a potion of brilliance {unknown}
 A - a potion of ambrosia {unknown}


   Skills:
 + Level 7.1 Fighting
 + Level 2.5 Short Blades
 + Level 2.5 Long Blades
 + Level 5.3 Axes
 + Level 2.5 Maces & Flails
 + Level 2.5 Polearms
 + Level 2.5 Staves
 + Level 2.5 Slings
 + Level 2.5 Bows
 + Level 2.5 Crossbows
 + Level 2.5 Throwing
 + Level 2.5 Armour
 + Level 5.3 Dodging
 + Level 9.9 Stealth
 + Level 2.5 Shields
 + Level 2.5 Unarmed Combat
 + Level 2.5 Spellcasting
 + Level 2.1 Conjurations
 + Level 2.1 Hexes
 + Level 2.1 Summonings
 + Level 2.1 Necromancy
 + Level 2.1 Translocations
 + Level 2.1 Transmutations
 + Level 2.1 Fire Magic
 + Level 2.1 Ice Magic
 + Level 2.1 Air Magic
 + Level 2.1 Earth Magic
 + Level 2.1 Poison Magic
 + Level 2.8 Invocations
 + Level 2.5 Evocations


You had 9 spell levels left.
You knew the following spells:

 Your Spells              Type           Power      Damage    Failure   Level
a - Ensorcelled Hibernat  Hex/Ice        14%        N/A       21%         2

Your spell library contained the following spells:

 Spells                   Type           Power      Damage    Failure   Level
 Passwall                 Tmut/Erth      5%         N/A       21%         2
 Stone Arrow              Conj/Erth      14%        3d7       38%         3
 Swiftness                Air            7%         N/A       38%         3
 Animate Armour           Summ/Erth      14%        N/A       80%         4
 Blade Hands              Tmut           3%         N/A       98%         5
 Iron Shot                Conj/Erth      3%         9d2       100%        6
 Lehudib's Crystal Spear  Conj/Erth      3%         10d3      100%        8


Dungeon Overview and Level Annotations

Branches:
Dungeon (5/15)
 Temple: D:4-7

Altars:
The Shining One

Shops:
D:5 *


Innate Abilities, Weirdness & Mutations

You have very sharp teeth.
Your uncanny sense of smell can sniff out nearby items.
Your experience applies equally to all skills.
Your flesh is heat resistant. (rF+)
You are weak. (Str -2)
Your movements are slightly less encumbered by armour. (ER -2)


Message History

The phantom is heavily damaged.
The phantom hits you but does no damage.
You barely miss the phantom.
The phantom is heavily damaged.
The phantom closely misses you.
You closely miss the phantom.
The phantom is heavily damaged.
The phantom hits you.
The phantom blinks!
You blink.
A black bear and an ogre come into view.
Found 17 gold pieces and a wand of digging (1).
You barely miss the phantom.
The phantom is heavily damaged.
The phantom closely misses you.
You puncture the phantom! Your bite misses the phantom.
The phantom is almost destroyed.
The phantom hits you.
You are too injured to fight recklessly!
You hit the phantom.
You destroy the phantom!
Casting: Ensorcelled Hibernation (safe; 21% risk of failure)
Confirm with . or Enter, or press ? or * to list all spells.
Aiming: Ensorcelled Hibernation (safe; 21% risk of failure)
Press: ? - help, Shift-Dir - straight line, f - ogre
Aim: an ogre, wielding a +0 giant spiked club (chance to affect: 40%)
The ogre resists with some effort.
Casting: Ensorcelled Hibernation (safe; 21% risk of failure)
Confirm with . or Enter, or press ? or * to list all spells.
Aiming: Ensorcelled Hibernation (safe; 21% risk of failure)
Press: ? - help, Shift-Dir - straight line, f/p - ogre
Aim: an ogre, wielding a +0 giant spiked club (chance to affect: 40%)
The ogre looks drowsy...
You are too injured to fight recklessly!
You are too injured to fight recklessly!
You are too injured to fight recklessly!
You are too injured to fight recklessly!
The black bear growls angrily.
The ogre shouts!
You barely miss the ogre.
The ogre hits you with a +0 giant spiked club!!
Ouch! That really hurt!
You die...

*,,,******#...........######
*,*,*#...*#......#.#........
*,*,##...######.#...#.......
*,*,..............∩.........
*,**#.../.......#...#.......
*>,,.....(.......#.#........
*,***#......................
*,,,...##...................
*,,**#....O@........#.......
*,,* ####..$........#.......
*,,* #..h$.......######'#
*,,*****#...........# ####..
*,,*,,,,+...........# #.....
*,,*,***#...........# #.....
*,,,,,**###############.....
*,,,,,,,,,,,,,,,,,..........
******************..........


You could see a black bear and an ogre.

Vanquished Creatures
  Prince Ribbit (D:5)
  A phantom (D:5)
  A scorpion (D:4)
  A jelly (D:5)
  An orc priest (D:3)
  3 iguanas
  4 gnolls (D:4)
  5 adders
  An ufetubus (D:4)
  A worm (D:3)
  A dart slug (D:2)
  10 orcs
  5 bats
  6 endoplasms
  4 giant cockroaches
  7 goblins
  10 hobgoblins
  3 jackals
  3 quokkas
  7 ball pythons
  10 frilled lizards
  16 kobolds
  8 rats
109 creatures vanquished.

Vanquished Creatures (others)
  7 plants (D:4)
7 creatures vanquished.

Grand Total: 116 creatures vanquished

Notes
Turn   | Place    | Note
-------+----------+-------------------------------------------
     0 | D:5      | Reached skill level 9 in Stealth
     0 | D:5      | croobank the Gnoll Delver began the quest for the Orb.
     0 | D:5      | Reached XP level 1. HP: 23/23 MP: 1/1
     6 | D:5      | Noticed an orc wizard
   123 | D:3      | Noticed an orc priest
   276 | D:3      | Reached XP level 2. HP: 25/29 MP: 2/2
   573 | D:1      | Reached XP level 3. HP: 28/35 MP: 3/3
  1110 | D:1      | Reached skill level 1 in Invocations
  1526 | D:2      | Reached skill level 1 in Short Blades
  1526 | D:2      | Reached skill level 1 in Long Blades
  1526 | D:2      | Reached skill level 1 in Maces & Flails
  1526 | D:2      | Reached skill level 1 in Polearms
  1526 | D:2      | Reached skill level 1 in Staves
  1526 | D:2      | Reached skill level 1 in Slings
  1526 | D:2      | Reached skill level 1 in Bows
  1526 | D:2      | Reached skill level 1 in Crossbows
  1526 | D:2      | Reached skill level 1 in Throwing
  1526 | D:2      | Reached skill level 1 in Armour
  1526 | D:2      | Reached skill level 1 in Shields
  1526 | D:2      | Reached skill level 1 in Unarmed Combat
  1526 | D:2      | Reached skill level 1 in Spellcasting
  1526 | D:2      | Reached skill level 1 in Evocations
  1545 | D:2      | Identified the +3 scale mail of Disaster {-Tele rC+ Str+5}
  1665 | D:2      | Reached XP level 4. HP: 41/41 MP: 5/5
  2203 | D:3      | Reached skill level 1 in Conjurations
  2203 | D:3      | Reached skill level 1 in Hexes
  2203 | D:3      | Reached skill level 1 in Summonings
  2203 | D:3      | Reached skill level 1 in Necromancy
  2203 | D:3      | Reached skill level 1 in Translocations
  2203 | D:3      | Reached skill level 1 in Transmutations
  2203 | D:3      | Reached skill level 1 in Fire Magic
  2203 | D:3      | Reached skill level 1 in Ice Magic
  2203 | D:3      | Reached skill level 1 in Air Magic
  2203 | D:3      | Reached skill level 1 in Earth Magic
  2203 | D:3      | Reached skill level 1 in Poison Magic
  2393 | D:3      | Reached XP level 5. HP: 47/47 MP: 6/6
  2466 | D:3      | Found a faded altar of an unknown god.
  3052 | D:4      | Gained mutation: Your flesh is heat resistant. (rF+)
                  | [potion of mutation]
  3052 | D:4      | Gained mutation: You are weak. (Str -2) [potion of
                  | mutation]
  3052 | D:4      | Gained mutation: Your movements are slightly less
                  | encumbered by armour. (ER -2) [potion of mutation]
  3484 | D:4      | Reached XP level 6. HP: 24/53 MP: 8/8
  3727 | D:4      | Reached skill level 5 in Axes
  3727 | D:4      | Reached skill level 5 in Dodging
  3848 | D:4      | Identified the +7 short sword "Veol" {vorpal, rF++ Str+6
                  | Int+2}
  3878 | D:4      | Learned a level 2 spell: Ensorcelled Hibernation
  4156 | D:5      | Identified the +1 robe "Awkonalo" {rCorr}
  4231 | D:5      | Found a glowing golden altar of the Shining One.
  4261 | D:5      | Noticed Prince Ribbit
  4263 | D:5      | Killed Prince Ribbit
  4264 | D:5      | Reached XP level 7. HP: 60/60 MP: 10/10
  4321 | D:5      | Found Ummiawem's Overcharged Wands.
  4344 | D:5      | Slain by an ogre

Illustrated notes

Levels and vault maps discovered:
D:1:      dpeg_arrival_rhombi, layout_basic
D:2:      layout_loops_ring, minmay_tromino_v2
D:3:      layout_loops_corners, basic_ecumenical_altar
D:4:      layout_loops_cross, minmay_lizard_king
D:5:      layout_basic, general_overflow_altar, tso_metal_star,
          nicolae_shop_overcharged_wands, uniq_prince_ribbit1

Skill      XL: |  1  2  3  4  5  6  7 |
---------------+----------------------+-----
Stealth        | |  9.9
Invocations    | 1 2 |  2.8
Short Blades   | 1 2 |  2.5
Long Blades    | 1 2 |  2.5
Maces & Flails | 1 2 |  2.5
Polearms       | 1 2 |  2.5
Staves         | 1 2 |  2.5
Slings         | 1 2 |  2.5
Bows           | 1 2 |  2.5
Crossbows      | 1 2 |  2.5
Throwing       | 1 2 |  2.5
Armour         | 1 2 |  2.5
Shields        | 1 2 |  2.5
Unarmed Combat | 1 2 |  2.5
Spellcasting   | 1 2 |  2.5
Evocations     | 1 2 |  2.5
Conjurations   | 1 2 |  2.1
Hexes          | 1 2 |  2.1
Summonings     | 1 2 |  2.1
Necromancy     | 1 2 |  2.1
Translocations | 1 2 |  2.1
Transmutations | 1 2 |  2.1
Fire Magic     | 1 2 |  2.1
Ice Magic      | 1 2 |  2.1
Air Magic      | 1 2 |  2.1
Earth Magic    | 1 2 |  2.1
Poison Magic   | 1 2 |  2.1
Axes           | 5 |  5.3
Dodging        | 5 |  5.3
Fighting       | 7 |  7.1

Action                   |  1- 3 |  4- 6 |  7- 9 || total
-------------------------+-------+-------+-------++-------
Melee: Hand axe          |    69 |       |       ||    69
       Bite              |     8 |    12 |       ||    20
       Spear             |    19 |   158 |       ||   177
       Dagger            |     6 |     1 |       ||     7
       Punch             |       |     1 |       ||     1
       Short sword       |       |     9 |    16 ||    25
 Cast: Ensorcelled Hiber |       |       |     2 ||     2
Evoke: Wand              |     1 |       |       ||     1
  Use: Scroll            |     6 |     5 |       ||    11
       Potion            |       |     2 |       ||     2
 Stab: Sleeping          |     7 |    19 |     1 ||    27
Armor: Ring mail         |    20 |    27 |     3 ||    50
       Leather armour    |     1 |       |       ||     1
Dodge: Dodged            |    44 |    68 |     6 ||   118

Table legend: (Time is in decaauts)
 A = Elapsed time spent in this place.
 B = Non-inter-level travel time spent in this place.
 C = Inter-level travel time spent in this place.
 D = Time resting spent in this place.
 E = Time spent auto-exploring this place.
 F = Levels seen in this place.
 G = Mean time per level.
                   A        B        C        D        E       F      G
               +--------+--------+--------+--------+--------+-----+--------+
         Total |   4339 |   4222 |    117 |    957 |   2235 |   5 |  867.8 |
       Dungeon |   4339 |   4222 |    117 |    957 |   2235 |   5 |  867.8 |
               +--------+--------+--------+--------+--------+-----+--------+

Top non-repeatable levels by time:
     D:3: 1532 daAuts
     D:1: 965 daAuts
     D:4: 951 daAuts
     D:2: 644 daAuts
     D:5: 245 daAuts
